 Dungeon Crawl Stone Soup version 0.28.0-53-g5a82cb258f (webtiles) character file.

Game seed: 5352975287240185886

993 yokelz the Ruffian (level 7, -3/62 HPs)
             Began as a Troll Warper on Aug 6, 2022.
             Slain by a water moccasin (4 damage)
             ... on level 5 of the Dungeon.
             The game lasted 00:05:46 (3414 turns).

yokelz the Ruffian (Troll Warper)                   Turns: 3414, Time: 00:05:47

Health: -3/62      AC:  5    Str: 20    XL:     7   Next: 98%
Magic:  7/7        EV: 11    Int:  9    God:
Gold:   278        SH:  0    Dex: 11    Spells: 6/8 levels left

rFire   . . .      SeeInvis .     - Unarmed
rCold   . . .      Faith    .   (no shield)
rNeg    . . .      Spirit   .   a - +0 robe
rPois   .          Reflect  .   (helmet restricted)
rElec   .          Harm     .   v - +0 cloak
rCorr   .          Rampage  .   (gloves unavailable)
Will    .....                   (boots unavailable)
Stlth   +.........              (no amulet)
HPRegen 1.00/turn               (no ring)
MPRegen 0.10/turn               (no ring)

@: lethally poisoned (-3 -> -27)
A: large, unfitting armour, claws 3, regeneration 1, shaggy fur 1, tough skin 1
a: no special abilities


You were on level 5 of the Dungeon.
You visited 1 branch of the dungeon, and saw 6 of its levels.

You collected 278 gold pieces.

Inventory:

Missiles
 c - 5 boomerangs of dispersal (quivered)
 h - 3 boomerangs
 o - 3 throwing nets
Armour
 a - a +0 robe (worn)
 v - a +0 cloak (worn)
Jewellery
 i - an amulet of guardian spirit
Scrolls
 b - a scroll of blinking
 d - 5 scrolls of identify {unknown}
 e - 7 scrolls of teleportation {unknown}
 j - a scroll of fear {unknown}
 k - 2 scrolls of enchant weapon {unknown}
 m - a scroll of amnesia {unknown}
 p - 2 scrolls of noise {unknown}
 t - a scroll of enchant armour {unknown}
 u - a scroll of magic mapping {unknown}
Potions
 f - a potion of resistance {unknown}
 g - 3 potions of curing {unknown}
 l - a potion of cancellation {unknown}
 n - a potion of mutation {unknown}
 q - a potion of might {unknown}
 r - a potion of ambrosia {unknown}
 s - a potion of heal wounds {unknown}


   Skills:
 - Level 1.5 Fighting
 - Level 0.8 Throwing
 + Level 4.8 Dodging
 + Level 7.7 Unarmed Combat
 - Level 1.2 Spellcasting
 - Level 2.1 Translocations


You had 6 spell levels left.
You knew the following spells:

 Your Spells              Type           Power      Damage    Failure   Level
a - Blink                 Tloc           8%         N/A       22%         2

Your spell library contained the following spells:

 Spells                   Type           Power      Damage    Failure   Level
 Gell's Gravitas          Tloc           4%         N/A       41%         3
 Lesser Beckoning         Tloc           4%         N/A       41%         3
 Teleport Other           Tloc           4%         N/A       41%         3
 Corpse Rot               Necr/Air       0%         N/A       50%         2
 Poisonous Vapours        Pois/Air       0%         N/A       50%         2
 Manifold Assault         Tloc           4%         N/A       99%         5
 Dispersal                Tloc           2%         N/A       100%        6


Dungeon Overview and Level Annotations

Branches:
Dungeon (6/15)
 Temple: D:4-7

Altars:

Shops:
D:1 [

Annotations:
D:6 Eustachio


Innate Abilities, Weirdness & Mutations

You are too large for most types of armour.
You have claws for hands.
Your natural rate of healing is unusually fast.
You are covered in fur. (AC +1)
You have tough skin. (AC +1)


Message History

The water moccasin is severely wounded.
You feel sick. The water moccasin bites you.
You barely miss the water moccasin.
The water moccasin is severely wounded.
You feel sick. The water moccasin barely misses you.
You closely miss the water moccasin.
The water moccasin is severely wounded.
You feel sick. The water moccasin bites you.
You are more poisoned.
The water moccasin poisons you!
You closely miss the water moccasin.
The water moccasin is severely wounded.
You feel very sick. The water moccasin bites you.
You are more poisoned.
The water moccasin poisons you! The water moccasin bites you.
You barely miss the water moccasin.
The water moccasin is severely wounded.
You feel very sick. The water moccasin bites you.
You are lethally poisoned!
The water moccasin poisons you!
You barely miss the water moccasin.
The water moccasin is severely wounded.
You feel extremely sick. The water moccasin bites you.
* * * LOW HITPOINT WARNING * * *
You are more poisoned.
The water moccasin poisons you!
You barely miss the water moccasin.
The water moccasin is severely wounded.
* * * LOW HITPOINT WARNING * * *
You feel extremely sick. The water moccasin barely misses you.
You barely miss the water moccasin.
The water moccasin is severely wounded.
* * * LOW HITPOINT WARNING * * *
You feel extremely sick. The water moccasin bites you.
You die...

######### #.......#
#.......#
##.....S.###############
.......@................
.#.......####...........
#.......# #.....#######
#.......###.....#
#...<....##.....#
#........##.....#
##.#......).....#
#.#..###'####......
....# ...# 8#.##...


You could see a water moccasin.

Vanquished Creatures
  Menkaure (D:4)
  An ogre (D:4)
  An ice beast (D:5)
  A necrophage (D:5)
  A centaur (D:5)
  4 scorpions
  An orc priest (D:3)
  2 hounds (D:5)
  2 iguanas
  A killer bee zombie (D:5)
  4 gnolls (D:4)
  2 adders
  An ufetubus (D:5)
  A worm (D:3)
  9 orcs
  7 ball pythons
  3 endoplasms
  A giant cockroach (D:3)
  10 goblins
  6 hobgoblins
  3 jackals (D:1)
  4 quokkas
  5 bats
  2 frilled lizards
  4 kobolds
  4 rats
81 creatures vanquished.

Notes
Turn   | Place    | Note
-------+----------+-------------------------------------------
     0 | D:1      | yokelz the Troll Warper began the quest for the Orb.
     0 | D:1      | Reached XP level 1. HP: 19/19 MP: 1/1
   192 | D:1      | Reached XP level 2. HP: 27/27 MP: 2/2
   229 | D:1      | Found a faded altar of an unknown god.
   257 | D:1      | Found Nazaz's Armour Boutique.
   404 | D:1      | Reached skill level 3 in Unarmed Combat
  1118 | D:2      | Reached XP level 3. HP: 33/33 MP: 3/3
  1564 | D:3      | Reached skill level 4 in Unarmed Combat
  1569 | D:3      | Reached XP level 4. HP: 14/41 MP: 4/4
  2112 | D:4      | Noticed a scorpion
  2118 | D:4      | Killed a scorpion
  2119 | D:4      | Reached skill level 5 in Unarmed Combat
  2119 | D:4      | Reached XP level 5. HP: 21/48 MP: 5/5
  2195 | D:4      | Learned a level 2 spell: Blink
  2228 | D:4      | Noticed Menkaure
  2242 | D:4      | Killed Menkaure
  2243 | D:4      | Reached XP level 6. HP: 12/55 MP: 6/6
  2383 | D:4      | Reached skill level 6 in Unarmed Combat
  2639 | D:4      | Reached XP level 7. HP: 47/62 MP: 7/7
  2843 | D:5      | Entered Level 5 of the Dungeon
  2971 | D:5      | Reached skill level 7 in Unarmed Combat
  3046 | D:6      | Noticed Eustachio
  3414 | D:5      | HP: 1/62 [poisoned by a water moccasin]
  3414 | D:5      | Slain by a water moccasin

Illustrated notes

Levels and vault maps discovered:
D:1:      tarquinn_simple_flora_water_b, layout_basic, serial_shops,
          nicolae_shop_statue_plus, hellmonk_ecumenical_altar_heavens_door
D:2:      layout_basic
D:3:      layout_loops_corners
D:4:      layout_loops_ring, serial_glass, glass_columns_a, glass_columns_b,
          glass_columns_c, glass_columns_a, uniq_menkaure
D:5:      layout_basic, minivault_1, due_unseen_surprise
D:6:      layout_rooms, minmay_temple_entry_junction_2, uniq_blork_the_orc,
          uniq_sigmund, uniq_maggie, uniq_crazy_yiuf_cottage, uniq_eustachio

Skill      XL: |  1  2  3  4  5  6  7 |
---------------+----------------------+-----
Unarmed Combat | 3 4 5 6 7 |  7.7
Dodging        | 2 3 4 |  4.8
Fighting       | |  1.5
Throwing       | |  0.8
Spellcasting   | |  1.2
Translocations | |  2.1

Action                   |  1- 3 |  4- 6 |  7- 9 || total
-------------------------+-------+-------+-------++-------
Melee: Unarmed           |   103 |    78 |    98 ||   279
       Punch             |     1 |     1 |     4 ||     6
 Stab: Sleeping          |     1 |     1 |       ||     2
Armor: Robe              |    44 |    14 |    21 ||    79
Dodge: Dodged            |    45 |    25 |    76 ||   146
